 Dungeon Crawl Stone Soup version 0.20.1-1-g8b1a95d (webtiles) character file.

28667 equalderp2856 the Nimble (level 13, -4/67 HPs)
             Began as a Spriggan Fighter on July 20, 2017.
             Engulfed by a cloud of flame (21 damage)
             ... in a volcano.
             The game lasted 01:32:50 (29077 turns).

equalderp2856 the Nimble (Spriggan Fighter)        Turns: 29077, Time: 01:32:51

Health: -4/67      AC:  8    Str: 13    XL:     13   Next: 11%
Magic:  29/29      EV: 28    Int: 16    God:
Gold:   789        SH:  0    Dex: 16    Spells: 24/34 levels left

rFire    . . .     SeeInvis +   F - +0 long sword
rCold    . . .     Gourm    .   (shield restricted)
rNeg     . . .     Faith    .   V - +1 robe
rPois    .         Spirit   .   m - +1 hat {Int+3}
rElec    .         Reflect  .   (no cloak)
rCorr    .         Harm     .   (gloves unavailable)
MR       ++...                  (boots unavailable)
Stlth    +++++.....             (no amulet)
Regen    0.3/turn               t - +4 ring of protection
MPRegen  0.3/turn               (no ring)

@: very quick
A: unfitting armour, see invisible, herbivore 3, speed 3, slow metabolism 2
a: no special abilities


You were in a volcano.
You were full.

You visited 2 branches of the dungeon, and saw 15 of its levels.
You also visited: Volcano.

You collected 789 gold pieces.

Inventory:

Hand Weapons
 a - a +1 rapier of piercing
 u - a +0 blowgun
 w - a +3 dagger of electrocution
 z - a +0 shortbow
 F - a +0 long sword (weapon)
 J - a +0 falchion of protection
 Q - a +2 dagger of flaming
Missiles
 g - 159 sling bullets
 p - 170 arrows
 r - 3 needles of confusion
 v - 27 poisoned needles
Armour
 c - a +0 buckler
 m - a +1 hat of intelligence (worn)
 E - +0 shadow dragon scales
 T - a +0 animal skin
 V - a +1 robe (worn)
Jewellery
 e - an uncursed ring of protection from fire
 f - an uncursed ring of wizardry {unknown}
 q - an uncursed ring of flight
 t - a +4 ring of protection (left hand)
 C - an uncursed ring of protection from magic
 S - an uncursed ring of protection from cold
Wands
 j - a wand of digging (9/24)
 l - a wand of polymorph (11/24)
 A - a wand of digging (20/24)
 I - a wand of iceblast (6/15)
 K - a wand of scattershot (7/9)
 X - a wand of enslavement (12/24)
 Z - a wand of flame (22/48)
Scrolls
 b - a scroll of recharging {unknown}
 k - a scroll of magic mapping
 n - 7 scrolls of teleportation
 o - 4 scrolls of identify
 y - 3 scrolls of remove curse
 B - 4 scrolls of enchant weapon
 H - 2 scrolls of enchant armour
 N - 2 scrolls of blinking
 O - 3 scrolls of immolation
 Y - a scroll of brand weapon
Potions
 d - 2 potions of might
 h - 5 potions of curing
 i - 4 potions of brilliance
 G - 2 potions of agility {unknown}
 M - a potion of lignification
 P - a potion of mutation {unknown}
 U - 2 potions of invisibility
 W - a potion of ambrosia {unknown}
Books
 s - a book of the Earth

   Spells                             Type                      Level
   a - Leda's Liquefaction            Hexes/Earth                  4
   b - Bolt of Magma                  Conjuration/Fire/Earth       5
   c - Statue Form                    Transmutation/Earth          6
   d - Iron Shot                      Conjuration/Earth            6
   e - Shatter                        Earth                        9
 L - a book of Necromancy

   Spells                             Type                      Level
   a - Pain                           Necromancy                   1
   b - Animate Skeleton               Necromancy                   1
   c - Vampiric Draining              Necromancy                   3
   d - Regeneration                   Charms/Necromancy            3
   e - Animate Dead                   Necromancy                   4
   f - Control Undead                 Necromancy                   4
 R - a book of Frost

   Spells                             Type                      Level
   a - Freeze                         Ice                          1
   b - Throw Frost                    Conjuration/Ice              2
   c - Ozocubu's Armour               Charms/Ice                   3
   d - Throw Icicle                   Conjuration/Ice              4
   e - Summon Ice Beast               Ice/Summoning                4
Comestibles
 x - 7 bread rations
 D - 3 fruits


   Skills:
 + Level 7.3 Fighting
 + Level 9.3(9.9) Short Blades
 + Level 4.1(6.1) Long Blades
 + Level 10.8 Bows
 + Level 6.8 Throwing
 + Level 0.1 Armour
 + Level 12.4 Dodging
 + Level 10.4 Stealth
 + Level 3.6 Shields
 + Level 11.1 Spellcasting


You had 24 spell levels left.
You knew the following spells:

 Your Spells              Type           Power        Failure   Level  Hunger
a - Animate Skeleton      Necr           N/A          9%          1    None
b - Throw Frost           Conj/Ice       #.....       12%         2    None
c - Ozocubu's Armour      Chrm/Ice       #.......     24%         3    None
d - Summon Ice Beast      Ice/Summ       #.......     63%         4    ###....


Dungeon Overview and Level Annotations

Branches:
Dungeon (10/15)            Temple (0/1) D:6            Lair (5/6) D:10
  Swamp (0/4) Lair:2       Spider (0/4) Lair:2
  Slime: Lair:5-6       Orc: D:9-12

Altars:
Nemelex Xobeh

Shops:
D:5 [

Annotations:
D:5 appiemonkey's ghost, novice MfTm
D:9 1 exclusion
D:10 7 exclusions
Lair:1 exclusion: 2 oklob plants
Lair:5 2 exclusions


Innate Abilities, Weirdness & Mutations

You are very small and have problems with some larger weapons.
You are too small for most types of armour.
You have supernaturally acute eyesight. (SInv)
You are a herbivore.
You cover ground extremely quickly.
You need consume almost no food.


Message History

p - 153 arrows (gained 1)
p - 156 arrows (gained 3)
p - 159 arrows (gained 3)
p - 162 arrows (gained 3)
p - 166 arrows (gained 4)
Things that are here:
a mace of flaming; a robe of fire resistance; a human corpse
p - 169 arrows (gained 3)
p - 170 arrows (gained 1)
There is an open door here.
The air gets thick with the scent of sulphur.
There is a rock-blocked tunnel here.
In the distance, the volcano erupts with a roar.
You are engulfed in blazing flames.
You are engulfed in blazing flames.
* * * LOW HITPOINT WARNING * * *
You are engulfed in blazing flames.
* * * LOW HITPOINT WARNING * * *
You feel better.
You are engulfed in blazing flames.
You die...

≈§≈≈≈≈§≈≈≈≈≈≈≈ #######§≈≈§≈§
#...§§#§≈§§≈≈ #...§§#≈≈≈§§≈
#..§§.#≈≈§§§≈
#+################§###§≈§≈##
..#.....)#p..#§#§§§§§#§≈§##
.###'#'#####+#§§§§§§§#§§§≈##
............)..#@§§§§#§§§≈≈#
######################§§§≈≈#
≈§≈≈≈≈≈§§§§≈≈§§§§§§§§§≈§≈≈≈≈
§§≈≈≈§≈§§§§≈§≈≈§§§§§§§§§≈§##
§§###≈≈##§§§≈§§§§§§§§§§§≈##
### ######≈≈§§§§§§§§§§#### #
###≈≈§§§§§≈### ##§§§≈≈###


There were no monsters in sight!

Vanquished Creatures
  Gastronok (Lair:1)
  7 hydras
  A two-headed ogre (D:9)
  An anaconda (Lair:1)
  2 wizards (Volcano)
  2 toenail golems (Volcano)
  A centaur zombie (D:10)
  4 black mambas
  A gargoyle (D:9)
  6 spiny frogs
  5 komodo dragons
  A rime drake (Lair:3)
  5 blink frogs
  A hornet (Lair:2)
  6 hippogriffs
  The ghost of appiemonkey the Skirmisher, an amateur OgBe of Trog (D:4)
  17 yaks
  A human (D:8)
  3 hogs
  2 wyverns
  A hungry ghost (D:7)
  4 basilisks
  Menkaure (D:5)
  Edmund (D:5)
  8 water moccasins
  9 porcupines
  3 orc warriors
  A hornet zombie (D:9)
  2 ice beasts
  A black bear (D:6)
  5 wolves (Lair:1)
  5 centaurs
  2 ogres
  6 crocodiles
  2 big kobolds (D:10)
  17 bullfrogs
  2 gnoll sergeants
  A water moccasin zombie (D:6)
  5 scorpions
  5 killer bees (D:10)
  9 wights (D:9)
  4 crimson imps
  4 hounds
  2 jellies
  8 orc priests
  2 centaur skeletons
  10 orc wizards
  A gnoll shaman (D:6)
  An iguana (D:9)
  4 hell rats (Lair:3)
  6 worker ants
  A hound skeleton (D:5)
  4 adders
  8 gnolls
  3 shadow imps
  An ooze (D:1)
  2 adder skeletons (D:4)
  4 worms
  A dart slug (D:3)
  4 leopard geckos
  27 orcs
  5 giant cockroaches
  3 goblins (D:1)
  4 hobgoblins
  8 jackals
  7 quokkas
  2 ball pythons
  A ball python zombie (D:5)
  8 bats
  4 frilled lizards
  10 kobolds
  A leopard gecko skeleton (D:6)
  A quokka skeleton (D:7)
  4 rats
  A fungus (Lair:2)
  A plant (D:10)
315 creatures vanquished.

Vanquished Creatures (others)
  A bush (Lair:2)
  14 fungi
  11 plants
26 creatures vanquished.

Grand Total: 341 creatures vanquished

Notes
Turn   | Place    | Note
-------+----------+-------------------------------------------
     0 | D:1      | equalderp2856 the Spriggan Fighter began the quest for the Orb.
     0 | D:1      | Reached XP level 1. HP: 11/11 MP: 2/2
    76 | D:1      | Reached XP level 2. HP: 9/16 MP: 3/3
   362 | D:1      | Reached skill level 5 in Dodging
  1237 | D:2      | Reached XP level 3. HP: 19/19 MP: 4/4
  2695 | D:3      | Reached XP level 4. HP: 23/23 MP: 5/5
  2975 | D:4      | Reached skill level 1 in Stealth
  3133 | D:4      | Noticed appiemonkey's ghost (amateur OgBe)
  3340 | D:4      | Noticed an ogre
  3478 | D:4      | Killed an ogre
  3478 | D:4      | Reached skill level 1 in Throwing
  3478 | D:4      | Reached skill level 6 in Dodging
  3478 | D:4      | Reached XP level 5. HP: 14/28 MP: 6/6
  3622 | D:4      | Killed appiemonkey's ghost
  3622 | D:4      | Reached XP level 6. HP: 27/32 MP: 7/7
  3992 | D:5      | Entered Level 5 of the Dungeon
  4005 | D:5      | Learned a level 1 spell: Animate Skeleton
  4007 | D:5      | Noticed Menkaure
  4111 | D:5      | Reached skill level 7 in Dodging
  4336 | D:5      | Found Biakeplu's Armour Boutique.
  4336 | D:5      | Noticed appiemonkey's ghost (novice MfTm)
  4522 | D:5      | Reached skill level 1 in Spellcasting
  4606 | D:5      | Reached XP level 7. HP: 33/36 MP: 9/9
  5316 | D:5      | Noticed Edmund
  5337 | D:5      | Killed Edmund
  5956 | D:5      | Reached skill level 5 in Short Blades
  6183 | D:5      | Killed Menkaure
  6183 | D:5      | Reached XP level 8. HP: 40/40 MP: 13/13
  6363 | D:6      | Reached skill level 5 in Stealth
  6370 | D:6      | Found a staircase to the Ecumenical Temple.
  6436 | D:6      | Reached skill level 8 in Dodging
  7427 | D:6      | Reached skill level 1 in Long Blades
  8167 | D:7      | Noticed a hippogriff
  8198 | D:7      | Killed a hippogriff
  8198 | D:7      | Reached XP level 9. HP: 31/45 MP: 17/17
  8255 | D:7      | Reached skill level 5 in Spellcasting
  8397 | D:7      | Reached skill level 9 in Dodging
 10733 | D:8      | Reached XP level 10. HP: 46/51 MP: 21/21
 11217 | D:9      | Reached skill level 5 in Throwing
 12243 | D:9      | Reached skill level 5 in Fighting
 12455 | D:9      | Reached skill level 10 in Dodging
 12648 | D:9      | Found a sparkling altar of Nemelex Xobeh.
 12822 | D:9      | Noticed a two-headed ogre
 12894 | D:9      | Killed a two-headed ogre
 12894 | D:9      | Reached skill level 1 in Bows
 13158 | D:10     | Entered Level 10 of the Dungeon
 13367 | D:10     | Noticed a cyclops
 13377 | D:10     | Noticed an unseen horror
 14230 | D:10     | Found a staircase to the Lair.
 14289 | D:10     | Reached XP level 11. HP: 53/56 MP: 24/24
 14648 | D:10     | Reached skill level 11 in Dodging
 15193 | Lair:1   | Entered Level 1 of the Lair of Beasts
 15266 | Lair:1   | Noticed a five-headed hydra
 15530 | Lair:1   | Noticed a six-headed hydra
 15822 | Lair:1   | Noticed an oklob plant
 16862 | Lair:1   | Noticed a six-headed hydra
 17717 | Lair:1   | Reached skill level 5 in Bows
 18779 | Lair:1   | Killed a five-headed hydra
 18867 | Lair:1   | Killed a six-headed hydra
 19602 | Lair:1   | Killed a six-headed hydra
 19867 | Lair:1   | Noticed an anaconda
 20555 | Lair:1   | Killed an anaconda
 20797 | Lair:1   | Noticed an oklob plant
 21099 | Lair:2   | Found a hole to the Spider Nest.
 21510 | Lair:2   | Learned a level 2 spell: Throw Frost
 21514 | Lair:2   | Learned a level 3 spell: Ozocubu's Armour
 21519 | Lair:2   | Learned a level 4 spell: Summon Ice Beast
 21633 | Lair:2   | Found a staircase to the Swamp.
 21705 | Lair:2   | Reached XP level 12. HP: 62/62 MP: 26/26
 21923 | Lair:2   | Noticed Gastronok
 22007 | Lair:2   | Reached skill level 10 in Spellcasting
 23557 | Lair:1   | Killed Gastronok
 25126 | Lair:3   | HP: 2/62 [poisoned by a spiny frog]
 25516 | Lair:3   | Noticed a four-headed hydra
 25655 | Lair:3   | Killed a four-headed hydra
 26091 | Lair:3   | Reached skill level 10 in Bows
 26916 | Lair:4   | Noticed a five-headed hydra
 26974 | Lair:4   | Killed a five-headed hydra
 26974 | Lair:4   | Reached skill level 12 in Dodging
 27806 | Lair:4   | Noticed a four-headed hydra
 27822 | Lair:4   | Killed a four-headed hydra
 28091 | Lair:3   | Reached skill level 10 in Stealth
 28590 | Lair:5   | Noticed a five-headed hydra
 28600 | Lair:5   | Killed a five-headed hydra
 28600 | Lair:5   | Reached XP level 13. HP: 65/67 MP: 29/29
 28649 | Lair:5   | Found a dark tunnel.
 28733 | Volcano  | Entered a volcano
 29077 | Volcano  | Engulfed by a cloud of flame

Skill      XL: |  1  2  3  4  5  6  7  8  9 10 11 12 13 |
---------------+----------------------------------------+-----
Dodging        | 5 6 7 8 9 10 11 12 | 12.4
Short Blades   | 3 4 5 6 7 8 9 |  9.3
Stealth        | 2 3 4 5 6 8 9 10 | 10.4
Throwing       | 1 2 3 4 5 6 |  6.8
Fighting       | 3 4 5 6 7 |  7.3
Spellcasting   | 1 3 4 6 8 9 11 | 11.1
Shields        | 3 |  3.6
Long Blades    | 2 3 4 |  4.1
Bows           | 3 8 10 | 10.8
Armour         | |  0.1

Action                   |  1- 3 |  4- 6 |  7- 9 | 10-12 | 13-15 || total
-------------------------+-------+-------+-------+-------+-------++-------
Melee: Rapier            |    95 |       |       |    27 |       ||   122
       Dagger            |    15 |    67 |   333 |   807 |    39 ||  1261
       Falchion          |       |       |    57 |     3 |       ||    60
       Long sword        |       |       |    43 |     7 |    35 ||    85
 Fire: Blowgun           |     5 |       |    39 |   105 |       ||   149
       Shortbow          |       |       |       |   456 |    35 ||   491
Throw: Stone             |       |    41 |    22 |     2 |       ||    65
  Use: Scroll            |       |       |       |    20 |       ||    20
       Potion            |       |       |       |     4 |     1 ||     5
 Stab: Sleeping          |     2 |     2 |     4 |    19 |     1 ||    28
       Distracted        |       |       |     1 |     2 |       ||     3
       Invisible         |       |       |       |     1 |       ||     1
  Eat: Fruit             |       |       |     3 |     1 |       ||     4
       Royal jelly       |       |       |     1 |     3 |       ||     4
       Bread ration      |       |       |     1 |     2 |       ||     3
Armor: Robe              |     7 |     2 |    12 |    64 |     5 ||    90
       Skin              |       |       |       |     1 |       ||     1
Dodge: Dodged            |    85 |    33 |   261 |   588 |    50 ||  1017
Block: Buckler           |    35 |    10 |    61 |     6 |    15 ||   127
       Rpst.: Falchion   |       |       |    17 |       |       ||    17
       Long sword        |       |       |    14 |     3 |    10 ||    27
